Map: [ESL] Alcyone

Players

Dolan

  • Race: Terran Terran
  • Spawn Location: 1:00

Cham - Winner!

  • Race: Zerg Zerg
  • Spawn Location: 7:00

Event: ESL SC2 Masters 2024 Spring (Regional)

VOD

Have the link to the VOD?

Description

Time

  • Played on: April 18, 2024, 2:35 p.m.
  • Length: 12:19

All games in this series

Show
View Real Time Build Order
Export as new Build Order

Dolan Terran 

Build Orders: Command Center First, Mech 

Get SALT Encoding   

  12  0:00  SCV  
  13  0:12  SCV  
  14  0:16  Supply Depot  
  14  0:24  SCV  
  15  0:38  SCV  
  16  0:50  SCV  
  17  1:01  Command Center  
  17  1:04  SCV  
  18  1:14  Barracks  
  18  1:18  SCV  
  19  1:23  Refinery  
  19  1:30  SCV  
  19  1:31  Refinery  
  20  1:42  SCV  
  21  1:54  SCV  
  21  2:01  Barracks Reactor  
  22  2:07  Orbital Command  
  22  2:12  Orbital Command  
  22  2:20  Factory  
  22  2:32  SCV  
  23  2:37  Marine x2  
  23  2:38  SCV  
  23  2:43  Bunker  
  26  2:46  SCV  
  26  2:50  SCV  
  28  2:51  Refinery  
  28  2:55  Marine x2  
  30  3:06  Starport  
  30  3:07  SCV x2  
  30  3:09  Refinery  
  32  3:12  Factory Tech Lab  
  32  3:15  Marine x2  
  32  3:19  SCV, Supply Depot  
  35  3:20  SCV  
  36  3:40  SCV x2, Siege Tank  
  41  3:42  Supply Depot  
  41  3:47  Fusion Core  
  41  3:52  Starport  
  41  4:00  SCV x2  
  43  4:06  Supply Depot  
  43  4:08  Starport Tech Lab  
  43  4:11  Supply Depot  
  43  4:12  SCV x2  
  45  4:24  SCV x2  
  47  4:36  Battlecruiser  
  53  4:43  Battlecruiser  
  59  4:47  SCV  
  59  4:48  SCV  
  61  4:52  Weapon Refit  
  61  5:00  SCV x2, Supply Depot  
  63  5:11  Command Center  
  63  5:14  SCV  
  63  5:15  SCV  
  65  5:23  Supply Depot, Hellion x2  
  65  5:27  SCV x2  
  71  5:40  Battlecruiser  
  77  5:43  Supply Depot  
  77  5:44  SCV  
  77  5:45  SCV  
  79  5:55  Battlecruiser  
  85  6:00  Supply Depot  
  85  6:11  Hellion x2  
  89  6:17  SCV  
  89  6:18  SCV  
  91  6:27  Factory x2  
  91  6:28  Orbital Command  
  91  6:41  Hellion x2  
  95  6:47  SCV  
  95  6:48  SCV  
  97  6:56  Refinery  
  97  6:58  Battlecruiser  
  97  7:01  Refinery, Orbital Command  
  103  7:07  SCV x2  
  105  7:14  Factory Tech Lab x2  
  105  7:18  Factory  
  105  7:19  Factory  
  105  7:28  Battlecruiser  
  111  7:30  SCV  
  111  7:34  SCV  
  113  7:39  SCV  
  114  7:47  Cyclone  
  116  8:00  Cyclone, Supply Depot x2  
  118  8:09  Factory Tech Lab, Factory Reactor  
  118  8:10  Siege Tank x2  
  124  8:17  SCV  
  125  8:21  Armory x2  
  125  8:22  SCV x2, Supply Depot  
  127  8:40  SCV x3  
  130  8:41  Siege Tank  
  130  8:42  Hellion x2  
  137  8:50  Command Center  
  137  8:51  Engineering Bay  
  137  8:52  SCV x3  
  140  9:05  SCV  
  140  9:06  SCV x2, Cyclone x3  
  149  9:28  Terran Vehicle And Ship Armor Level 1, Terran Vehicle Weapons Level 1, Missile Turret  
  149  9:35  Sensor Tower  
  149  9:37  Missile Turret  
  149  9:38  Missile Turret  
  149  9:59  Infernal Pre-Igniter  
  149  10:02  SCV x2, Siege Tank x3, Cyclone x2  
  149  10:03  Cyclone  
  149  10:04  SCV, Hellion  
  149  10:05  Supply Depot  
  158  10:22  Command Center  
  122  10:36  Siege Tank x2  
  122  10:38  SCV x3  
  122  10:42  Battlecruiser  
  132  10:50  Sensor Tower  
  122  11:07  SCV x3  
  122  11:11  SCV  
  104  11:19  SCV x2  
  104  11:23  SCV  
  107  11:31  SCV  
Show
View Real Time Build Order
Export as new Build Order

Cham Zerg - Winner!

Build Orders: Hatch First, Swarm Host 

Get SALT Encoding   

  12  0:00  Drone  
  13  0:12  Overlord  
  13  0:17  Drone  
  14  0:30  Drone x2  
  16  0:49  Hatchery  
  15  0:52  Drone  
  15  0:54  Drone  
  17  1:07  Spawning Pool  
  17  1:10  Drone  
  17  1:14  Extractor  
  17  1:16  Drone  
  17  1:19  Drone  
  18  1:28  Drone  
  19  1:42  Drone  
  20  1:54  Queen  
  20  2:01  Queen  
  22  2:02  Zergling x4  
  22  2:04  Drone  
  27  2:11  Overlord  
  27  2:13  Drone  
  28  2:23  Hatchery  
  28  2:27  Metabolic Boost  
  27  2:32  Drone  
  27  2:34  Drone  
  27  2:35  Drone  
  30  2:44  Queen  
  30  2:48  Overlord  
  30  2:50  Drone  
  33  2:53  Drone  
  33  2:54  Drone  
  33  2:57  Drone  
  36  3:07  Drone x4  
  36  3:12  Overlord  
  40  3:20  Drone  
  40  3:24  Queen  
  40  3:26  Overlord  
  43  3:30  Drone, Queen  
  46  3:35  Overlord, Drone  
  46  3:37  Zergling x4  
  46  3:39  Zergling x2  
  50  3:42  Drone x2  
  50  3:44  Drone  
  50  3:46  Drone  
  54  3:49  Drone  
  54  3:50  Drone  
  54  3:54  Drone x2  
  58  3:57  Drone  
  59  4:03  Queen x2  
  59  4:08  Drone x2  
  59  4:09  Drone x2  
  67  4:14  Queen  
  69  4:18  Overlord  
  69  4:20  Drone x3  
  69  4:22  Drone  
  69  4:24  Drone  
  74  4:29  Overlord x2  
  74  4:35  Extractor  
  74  4:36  Spore Crawler  
  74  4:37  Spore Crawler  
  74  4:38  Spore Crawler  
  70  4:39  Roach Warren  
  70  4:42  Spore Crawler  
  70  4:44  Spore Crawler  
  70  4:45  Queen  
  67  4:50  Lair  
  67  4:52  Spore Crawler  
  68  4:53  Drone  
  68  4:54  Drone  
  68  4:55  Drone  
  68  4:58  Drone x2  
  68  4:59  Drone  
  74  5:01  Drone x2  
  74  5:06  Drone x2  
  74  5:07  Drone x2  
  79  5:08  Drone  
  79  5:09  Drone  
  79  5:12  Drone x2  
  84  5:14  Extractor  
  84  5:15  Extractor  
  84  5:17  Evolution Chamber x2  
  84  5:19  Drone x2  
  84  5:21  Drone  
  83  5:24  Extractor  
  83  5:25  Overlord  
  83  5:26  Extractor  
  81  5:29  Drone  
  81  5:30  Drone x4  
  86  5:36  Drone x3  
  86  5:37  Drone x2  
  86  5:42  Overlord  
  91  5:45  Zerg Ground Armor Level 1, Zerg Missile Weapons Level 1  
  91  5:49  Overseer  
  91  5:50  Overlord  
  91  5:58  Roach, Spire  
  91  5:59  Roach  
  91  6:03  Roach x3  
  100  6:06  Roach  
  100  6:09  Drone  
  100  6:11  Drone x4  
  104  6:22  Roach x4  
  112  6:26  Spore Crawler  
  112  6:28  Hatchery  
  112  6:30  Roach x2  
  114  6:34  Drone  
  114  6:40  Roach x2  
  114  6:42  Glial Reconstitution  
  114  6:45  Overlord x5  
  114  6:50  Overlord x2  
  114  6:54  Overlord  
  114  7:04  Infestation Pit, Baneling Nest  
  114  7:06  Overlord, Drone x2  
  113  7:10  Overlord  
  113  7:12  Drone  
  113  7:13  Drone x5  
  113  7:14  Drone  
  120  7:18  Overlord  
  120  7:21  Corruptor, Zerg Flyer Weapons Level 1  
  122  7:23  Corruptor  
  124  7:30  Corruptor  
  126  7:39  Drone x5  
  126  7:40  Hatchery  
  126  7:41  Spore Crawler, Drone  
  130  7:44  Extractor x2  
  130  7:45  Zerg Ground Armor Level 2  
  130  7:48  Zerg Missile Weapons Level 2  
  128  7:56  Centrifugal Hooks  
  128  7:57  Corruptor x2  
  132  7:59  Drone x2  
  132  8:02  Drone x3  
  135  8:07  Corruptor x2  
  135  8:12  Corruptor  
  135  8:13  Corruptor  
  135  8:16  Drone x2  
  141  8:20  Corruptor  
  141  8:23  Overlord  
  141  8:24  Corruptor  
  143  8:31  Corruptor  
  140  8:37  Corruptor  
  140  8:38  Corruptor  
  139  8:44  Zergling x8  
  136  8:55  Swarm Host  
  136  8:56  Swarm Host x6  
  157  9:03  Swarm Host  
  157  9:04  Swarm Host x2  
  166  9:17  Hatchery  
  166  9:18  Swarm Host x3  
  174  9:28  Zerg Flyer Armor Level 1, Drone  
  175  9:32  Zergling x2  
  175  9:33  Zergling x14  
  175  9:35  Ravager x2  
  175  9:36  Ravager  
  186  9:40  Hatchery  
  186  9:43  Ravager x4  
  186  9:45  Zergling x16  
  193  9:51  Hive  
  197  9:53  Hatchery  
  195  10:05  Zergling x18  
  195  10:10  Zergling x4  
  194  10:17  Zergling x2  
  194  10:18  Zergling x8  
  199  10:27  Corruptor  
  199  10:28  Corruptor x4  
  188  10:33  Corruptor  
  188  10:34  Corruptor x2  
  190  10:39  Zergling x2  
  190  10:40  Zergling x8  
  188  10:46  Roach x2  
  192  10:50  Roach  
  192  10:51  Roach  
  192  10:55  Roach x2  
  183  11:08  Corruptor  
  183  11:09  Corruptor x4, Roach x2  
  183  11:10  Zergling x2  
  185  11:12  Zergling x2  
  185  11:13  Zergling x2  
  185  11:16  Zergling x2  
  185  11:17  Zergling x4  
  192  11:18  Zergling x8  
  194  11:36  Zergling x10  
  195  11:59  Zergling x8  
  199  12:15  Spire  
Tags
 
Add a new tag
Caveats
  • Supply blocks, unpowered buildings, or Contaminate may cause inaccurate times.
  • Supply counts are checked every 10 seconds.